 Dungeon Crawl Stone Soup version 0.22-a0-609-gfedc9ff (webtiles) character file.

27 Hebeh the Firebug (level 2, 0/15 HPs)
             Began as a Deep Elf Fire Elementalist on July 10, 2018.
             Slain by a crimson imp (4 damage)
             ... on level 2 of the Dungeon.
             The game lasted 00:03:36 (1197 turns).

Hebeh the Firebug (Deep Elf Fire Elementalist)      Turns: 1197, Time: 00:03:38

Health: 0/15       AC:  3    Str:  5    XL:     2   Next: 93%
Magic:  8/8        EV: 13    Int: 19    God:
Gold:   18         SH:  0    Dex: 15    Spells: 7/8 levels left

rFire    . . .     SeeInvis .   e - +1 whip
rCold    . . .     Gourm    +   (no shield)
rNeg     . . .     Faith    .   a - +0 robe
rPois    .         Spirit   .   (no helmet)
rElec    .         Reflect  .   n - +0 cloak
rCorr    .         Harm     .   (no gloves)
MR       .....                  (no boots)
Stlth    ++........             b - amulet of the gourmand
HPRegen  0.05/turn              (no ring)
MPRegen  0.11/turn              (no ring)

@: no status effects
A: no striking features
a: no special abilities


You were on level 2 of the Dungeon.
You were not hungry.

You visited 1 branch of the dungeon, and saw 2 of its levels.

You collected 18 gold pieces.

Inventory:

Hand Weapons
 e - a +1 whip (weapon)
Missiles
 f - 31 stones (quivered)
 g - 19 sling bullets
Armour
 a - a +0 robe (worn)
 n - a +0 cloak (worn)
Jewellery
 b - an amulet of the gourmand (around neck)
Scrolls
 d - a scroll of teleportation
Potions
 h - a potion of resistance {unknown}
 i - 2 potions of heal wounds {unknown}
 j - a potion of might {unknown}
 k - a potion of cancellation {unknown}
 m - a potion of berserk rage {unknown}
Comestibles
 c - 4 rations


   Skills:
 - Level 2.4 Dodging
 - Level 2.4 Stealth
 + Level 3.5 Spellcasting
 * Level 2.4 Conjurations
 + Level 3.6 Fire Magic


You had 7 spell levels left.
You knew the following spells:

 Your Spells              Type           Power        Failure   Level  Hunger
a - Flame Tongue          Conj/Fire      ##...        4%          1    None

Your spell library contained the following spells:

 Spells                   Type           Power        Failure   Level  Hunger
 Fireball                 Conj/Fire      ##........   75%         5    ######.
 Conjure Flame            Conj/Fire      ##......     13%         3    ###....
 Throw Flame              Conj/Fire      ##....       6%          2    ##.....
 Sticky Flame             Conj/Fire      ##......     38%         4    ####...
 Inner Flame              Hex/Fire       ##......     21%         3    ###....


Dungeon Overview and Level Annotations

Branches:
Dungeon (2/15)

Altars:


Message History

The crimson imp blinks!
You closely miss the crimson imp. The crimson imp hits you.
You are too injured to fight recklessly!
You are too injured to fight recklessly!
You are too injured to fight recklessly!
You are too injured to fight recklessly!
You are too injured to fight recklessly!
You are too injured to fight recklessly!
You are too injured to fight recklessly!
You are too injured to fight recklessly!
You are too injured to fight recklessly!
You hit the crimson imp but do no damage.
The crimson imp barely misses you.
The crimson imp hits you but does no damage.
You hit the crimson imp but do no damage.
The crimson imp hits you.
You barely miss the crimson imp. The crimson imp hits you.
* * * LOW HITPOINT WARNING * * *
You closely miss the crimson imp. The crimson imp hits you.
You die...

##....#...$...##...............<.
.............>........#######....
#....((((............# #..(...
.......†..............# #.###.#
.......#...........#### .... #.#
###.......<........# #.... ..#
#.....$...........# #... ###
...#...............##...#
##....#.........@5#....#
....##.$............#
....$.......#.## #..............#
#...........#.... .
##...........# ### .
...........### .# ##.###.....>.#
.### #..###.##..######


You could see a crimson imp.

Vanquished Creatures
  An adder (D:2)
  A leopard gecko (D:1)
  5 bats
  2 giant cockroaches (D:1)
  A goblin (D:1)
  2 hobgoblins (D:1)
  A kobold (D:2)
  2 frilled lizards
  2 rats (D:1)
17 creatures vanquished.

Notes
Turn   | Place    | Note
-------+----------+-------------------------------------------
     0 | D:1      | Hebeh the Deep Elf Fire Elementalist began the quest for the Orb.
     0 | D:1      | Reached XP level 1. HP: 10/10 MP: 6/6
   354 | D:1      | Reached XP level 2. HP: 14/15 MP: 4/8
  1125 | D:2      | Noticed a crimson imp
  1197 | D:2      | Slain by a crimson imp

Vault maps used:
D:1:      tarquinn_simple_flora_water_d

Skill      XL: |  1  2 |
---------------+-------+-----
Conjurations   | 2 |  2.4
Dodging        | |  2.4
Stealth        | |  2.4
Spellcasting   | |  3.5
Fire Magic     | |  3.6

Action                   || total
-------------------------++-------
Melee: Whip              ||    45
Throw: Stone             ||    18
 Cast: Flame Tongue      ||    32
  Use: Scroll            ||     2
  Eat: Chunk             ||     1
Armor: Robe              ||    12
Dodge: Dodged            ||    34

Table legend:
 A = Spawn XP
 B = Non-spawn XP
 C = Spawn XP percentage of total XP
 D = Spawn monster count
 E = Non-spawn monster count
 F = Spawn count percentage of total count
 G = Total turns spent on level
                    A         B        C        D         E        F      G
               +---------+---------+-------+---------+---------+-------+---------
         Total |       0 |      39 |   0.0 |       0 |      17 |   0.0 |  1197
               +---------+---------+-------+---------+---------+-------+---------
           D:1 |       0 |      22 |   0.0 |       0 |      13 |   0.0 |   977
           D:2 |       0 |      17 |   0.0 |       0 |       4 |   0.0 |   220
               +---------+---------+-------+---------+---------+-------+---------
